 Dungeon Sprint DCSS version 0.29-a0-194-g6e3aafee17 (webtiles) character file.

Game seed: 538305789404496489

14 Zeldest the Insei (level 2, 0/33 HPs)
             Began as a Demonspawn Transmuter on Feb 22, 2022.
             Slain by a gnoll
             ... wielding a +0 spear
              (5 damage)
             ... in the Dungeon (Sprint IX: "|||||||||||||||||||||||||||||").
             The game lasted 00:00:16 (30 turns).

Zeldest the Insei (Demonspawn Transmuter)             Turns: 30, Time: 00:00:16

Health: 0/33       AC:  2    Str: 10    XL:     2   Next: 27%
Magic:  2/5        EV: 12    Int: 14    God:
Gold:   0          SH:  0    Dex: 13    Spells: 5/6 levels left

rFire   . . .      SeeInvis .     - Unarmed
rCold   . . .      Faith    .   (no shield)
rNeg    . . .      Spirit   .   a - +0 robe
rPois   .          Reflect  .   (helmet currently unavailable)
rElec   .          Harm     .   (no cloak)
rCorr   .          Rampage  .   (no gloves)
Will    .....      NoTele   +   (boots currently unavailable)
Stlth   ..........              (no amulet)
HPRegen 0.11/turn               (no ring)
MPRegen 0.09/turn               (no ring)

@: berserking, appendages, hasted, very quick
A: horns 2, ([talons 0]), hooves 1
a: End Transformation


You were in the Dungeon.
You had temporarily grown beastly horns and talons.
You visited 1 branch

Inventory:

Armour
 a - a +0 robe (worn)
Scrolls
 g - a scroll of blinking
Potions
 b - a potion of curing
 c - a potion of heal wounds
 e - 2 potions of magic


   Skills:
 + Level 2.2 Fighting
 + Level 2.5 Dodging
 + Level 3.3 Unarmed Combat
 + Level 2.7 Spellcasting
 + Level 2.5 Transmutations


You had 5 spell levels left.
You knew the following spells:

 Your Spells              Type           Power      Damage    Failure   Level
a - Beastly Appendage     Tmut           18%        N/A       8%          1

Your spell library contained the following spells:

 Spells                   Type           Power      Damage    Failure   Level
 Wereblood                Tmut           9%         N/A       12%         2
 Spider Form              Tmut/Pois      5%         N/A       36%         3
 Ice Form                 Ice/Tmut       5%         N/A       78%         4


Dungeon Overview and Level Annotations

Branches:
Dungeon (1/1)

Altars:


Innate Abilities, Weirdness & Mutations

You have temporarily grown beastly horns and talons.
You have large cloven feet.


Message History

Things that are here:
a +0 dagger of venom; a kobold corpse You hit the hobgoblin but do no damage.
The hobgoblin hits you.
You closely miss the hobgoblin. You headbutt the hobgoblin.
You kill the hobgoblin!
The ball python bites you. The ball python misses you.
You completely miss the ball python. Your headbutt misses the ball python.
The ball python closely misses you. x2
You barely miss the ball python. Your kick misses the ball python.
The ball python barely misses you. The ball python closely misses you.
You barely miss the ball python. You claw the ball python.
You kill the ball python!
Your horns disappear.
Your talons disappear.
You see here a ball python corpse.
Casting: Beastly Appendage (safe; 9% risk of failure)
Confirm with . or Enter, or press ? or * to list all spells.
You grow a pair of large bovine horns.
Your feet morph into talons.
You feel yourself speed up.
You open the door. 2 scorpions, a gnoll, an orc and an ufetubus come into view.
A red film seems to cover your vision as you go berserk!
You feel yourself moving faster!
You feel mighty!
The gnoll shouts!
The orc shouts!
The ufetubus closely misses you. The ufetubus misses you.
The ufetubus hits you. x2
You hit the ufetubus. You headbutt the ufetubus.
You kill the ufetubus!
Your Fighting skill increases to level 2!
You have reached level 2!
Your demonic ancestry asserts itself...
Your talons look more like feet.
Your talons dull and shrink into feet.
Your feet thicken and deform.
The orc hits you with a +0 hand axe.
There is an open door here.
You closely miss the orc. You kick the orc!
You kill the orc!
The gnoll hits you from afar with a +0 spear!
* * * LOW HITPOINT WARNING * * *
The gnoll hits you with a +0 spear.
You die... ▓▓▓▓▓▓▓▓▓▓▓▓▓▓▓▓▓▓ +.ssg@'...†)'...<▓ ▓▓▓▓▓▓▓▓▓▓▓▓▓▓▓▓▓▓

You could see 2 scorpions and a gnoll.

Vanquished Creatures
  An ufetubus (D)
  An orc (D)
  2 ball pythons (D)
  An endoplasm (D)
  A hobgoblin (D)
  A kobold (D)
7 creatures vanquished.

Notes
Turn   | Place    | Note
-------+----------+-------------------------------------------
     0 | D        | Zeldest the Demonspawn Transmuter began the quest for the
                  | Orb.
     0 | D        | Reached XP level 1. HP: 15/15 MP: 3/3
    13 | D        | Reached skill level 3 in Unarmed Combat
    25 | D        | Noticed a scorpion
    25 | D        | Noticed a scorpion
    28 | D        | Lost mutation: You have razor-sharp toenails. [demonic
                  | ancestry]
    28 | D        | Lost mutation: You have sharp toenails. [demonic ancestry]
    28 | D        | Gained mutation: You have large cloven feet. [demonic
                  | ancestry]
    28 | D        | Reached XP level 2. HP: 15/22 MP: 2/5
    30 | D        | Slain by a gnoll

Illustrated notes

Levels and vault maps discovered:
D:        linesprint [early_d, line_temple, items_1, d_10, items_2, lair_1,
          lair_end, items_3, orc_1, orc_end, items_4, d_15, swamp_1, shoals_1,
          snake_1, spider_1, d_20, vaults_1, items_5, swamp_end, shoals_end,
          snake_end, spider_end, vaults_end, d_27, items_6, zot_1, zot_end,
          crypt_end, forest_end, elf_end, slime_end, tomb_end, abyss_end,
          pan_hell_end]

Skill      XL: |  1 |
---------------+----+-----
Dodging        | 2 |  2.5
Transmutations | 2 |  2.5
Unarmed Combat | 3 |  3.3
Fighting       | 2 |  2.2
Spellcasting   | |  2.7

Action                   || total
-------------------------++-------
Melee: Unarmed           ||    14
       Headbutt          ||     4
       Kick              ||     4
 Cast: Beastly Appendage ||     2
  Use: Potion            ||     2
Dodge: Dodged            ||    12

Table legend: (Time is in decaauts)
 A = Elapsed time spent in this place.
 B = Non-inter-level travel time spent in this place.
 C = Inter-level travel time spent in this place.
 D = Time resting spent in this place.
 E = Time spent auto-exploring this place.
 F = Levels seen in this place.
 G = Mean time per level.
                   A        B        C        D        E       F      G
               +--------+--------+--------+--------+--------+-----+--------+
         Total |     27 |     27 |      0 |      0 |      0 |   1 |   27.0 |
       Dungeon |     27 |     27 |      0 |      0 |      0 |   1 |   27.0 |
               +--------+--------+--------+--------+--------+-----+--------+

Top non-repeatable levels by time:
       D: 27 daAuts
